 Dungeon Crawl Stone Soup version 0.18.1-50-g88ac8fd (webtiles) character file.

68 Kronon the Skirmisher (level 4, 0/39 HPs)
             Began as a Formicid Abyssal Knight on Sept 26, 2016.
             Was a Believer of Lugonu.
             Succumbed to an adder's poison
             ... on level 3 of the Dungeon.
             The game lasted 00:05:52 (1575 turns).

Kronon the Skirmisher (Formicid Abyssal Knight)     Turns: 1575, Time: 00:05:53

Health: 0/39       AC:  3    Str: 18    XL:     4   Next: 41%
Magic:  5/5        EV: 16    Int: 11    God:    Lugonu [**....]
Gold:   47         SH:  0    Dex: 15    Spells: 0 memorised, 3 levels left

rFire  . . .     SeeInvis +     a - +1 spear
rCold  . . .     Gourm    .     b - +0 leather armour
rNeg   . . .     Faith    .     (no shield)
rPois  .         Spirit   .     (helmet unavailable)
rElec  .         Dismiss  .     (no cloak)
rCorr  .         Reflect  .     (no gloves)
SustAt .         Harm     .     (no boots)
MR     .....                    (no amulet)
Stlth  ++........               (no ring)
                                l - ring of wizardry

@: agile, lethally poisoned (0 -> -11), flying, not resistant to hostile
enchantments, unstealthy
A: permanent stasis, dig shafts and tunnels, four strong arms, antennae 3
a: Dig, Shaft Self, Depart the Abyss, Bend Space, Renounce Religion


You were on level 3 of the Dungeon.
You worshipped Lugonu.
Lugonu was pleased with you.
You were hungry.

You visited 1 branch of the dungeon, and saw 3 of its levels.
You visited the Abyss 1 time.

You collected 47 gold pieces.

Inventory:

Hand Weapons
 a - a +1 spear (weapon)
 j - a +1 short sword of holy wrath
Missiles
 s - 2 tomahawks (quivered)
Armour
 b - a +0 leather armour (worn)
 t - a +0 pair of boots
Jewellery
 l - a ring of wizardry (left hand)
 n - an uncursed amulet of regeneration
 u - a cursed ring of teleportation {unknown}
Wands
 y - a wand of slowing (11/48)
Scrolls
 d - 3 scrolls of remove curse
 f - 3 scrolls of teleportation {unknown}
 i - a scroll of identify {unknown}
 m - a scroll of enchant armour {unknown}
 q - a scroll of amnesia {unknown}
 r - a scroll of blinking {unknown}
 w - 2 scrolls of random uselessness {unknown}
Comestibles
 c - 5 bread rations
 h - a beef jerky
 p - a fruit
 v - a slice of pizza
 z - a meat ration


   Skills:
 + Level 5.4 Fighting
 - Level 2.0 Polearms
 - Level 2.1 Armour
 - Level 0.8 Dodging
 - Level 2.1 Invocations


You had 3 spell levels left.
You didn't know any spells.

Dungeon Overview and Level Annotations

Branches:
Dungeon (3/15)

Altars:
Ashenzari


Innate Abilities, Weirdness & Mutations

You are under a permanent stasis effect.
You can dig through walls and to a lower floor.
Your four strong arms can wield two-handed weapons with a shield.
You have a pair of large antennae on your head (SInv).


Message History

Drink which item? (? for menu, Esc to quit)
It was a potion of cancellation.
You feel magically purged.
* * * LOW HITPOINT WARNING * * *
You feel sick. The adder bites you.
* * * LOW HITPOINT WARNING * * *
Drink which item? (? for menu, Esc to quit)
It was a potion of cure mutation.
It has a very clean taste.
* * * LOW HITPOINT WARNING * * *
You feel sick. The adder bites you.
* * * LOW HITPOINT WARNING * * *
Drink which item? (? for menu, Esc to quit)
It was a potion of flight.
You feel very buoyant.
You fly up into the air.
* * * LOW HITPOINT WARNING * * *
You feel sick. The adder barely misses you. x2
Drink which item? (? for menu, Esc to quit)
It was a potion of agility.
You feel agile all of a sudden.
You die...

##.. #. ##..##
#.##8..8## #.#..>...#
# #.#...... #.
#.##8..8 #### ... #.#
#..##.....
....####.####...####
.......#...@Sg.......
.......#.#####.######
.......<..# >#
.....##......#.# ...
#...##.#.# # ......
..# .[#####. ## #. #
#.


You could see an adder and a hobgoblin.

Vanquished Creatures
  2 adders (D:2)
  A worm (D:2)
  3 dart slugs
  2 giant geckos
  2 ball pythons
  7 goblins
  6 hobgoblins
  5 bats
  2 giant newts
  5 kobolds (D:1)
  3 rats (D:2)
38 creatures vanquished.

Notes
Turn   | Place    | Note
--------------------------------------------------------------
     0 | Abyss:1  | Kronon the Formicid Abyssal Knight began the quest for the Orb.
     0 | Abyss:1  | Reached XP level 1. HP: 18/18 MP: 2/2
    42 | Abyss:1  | Noticed a large abomination
    61 | Abyss:1  | Found a bloodstained altar of Trog.
    63 | Abyss:1  | Noticed a small abomination
    77 | Abyss:1  | Noticed a fire bat
    78 | D:1      | Escaped the Abyss
   291 | D:1      | Reached XP level 2. HP: 13/25 MP: 3/3
   508 | D:1      | Reached * piety under Lugonu
   524 | D:1      | Reached skill level 4 in Fighting
   690 | D:1      | Reached XP level 3. HP: 19/31 MP: 4/4
   953 | D:2      | Found a shattered altar of Ashenzari.
  1122 | D:2      | Reached skill level 5 in Fighting
  1176 | D:2      | Reached XP level 4. HP: 30/39 MP: 5/5
  1258 | D:2      | Reached ** piety under Lugonu
  1574 | D:3      | HP: 1/39 [poisoned by an adder]
  1575 | D:3      | Succumbed to an adder's poison

Skill      XL: |  1  2  3 |
---------------+----------+-----
Fighting       | 4 5 |  5.4
Polearms       | |  2.0
Armour         | |  2.1
Dodging        | |  0.8
Invocations    | |  2.1

Action                   |  1- 3 |  4- 6 || total
-------------------------+-------+-------++-------
Melee: Spear             |   136 |    41 ||   177
Invok: Depart the Abyss  |     1 |       ||     1
  Use: Scroll            |     1 |       ||     1
       Potion            |       |     4 ||     4
  Eat: Chunk             |     1 |     1 ||     2
Armor: Leather armour    |    25 |    12 ||    37
Dodge: Dodged            |    58 |    20 ||    78
